 Dungeon Crawl Stone Soup version 0.31-a0-542-gdc2a67831c (webtiles) character file.

Game seed: 6134317242385388726

552219 Turgor the Skinwalker (level 22, -2/231 (232) HPs)
             Began as a Troll Shapeshifter on Aug 9, 2023.
             Was the Champion of Ru.
             Slain by Norris
             ... wielding a +0 halberd
              (26 damage)
             ... on level 1 of the Depths on Aug 14, 2023.
             The game lasted 04:26:00 (44558 turns).

Turgor the Skinwalker (Troll Shapeshifter)         Turns: 44558, Time: 04:26:01

HP:   -2/231 (232)  AC:  7    Str: 37    XL:     22   Next: 95%
MP:   0/26          EV: 16    Int:  4    God:    Ru [******]
Gold: 2643          SH:  0    Dex: 12    Spells: 18/21 levels left

rFire   + .          .
                       - Unarmed
rCold   + + .        (no shield)
rNeg    + + +        z - +5 moon troll leather armour {Spirit, Regen++ MP+5}
rPois   ∞            k - +1 hat of Hopscotch {rF+ Regen+ Int-2}
rElec   .            U - scarf {rC+ rF+}
rCorr   .            (gloves unavailable)
SInv    .            (boots unavailable)
Will    ++...        n - amulet of the acrobat
Stlth   +            r - ring of protection from cold
HPRegen 3.78/turn    O - ring "Ypsoq" {Fly Str+4}
MPRegen 0.20/turn

%: acrobat, guardian spirit
@: confused, death-form, corroded, flying, studying 2 skills, lightly drained,
unable to read
A: vile attack, torment immunity, no potions, large, unfitting armour, claws 3,
regeneration 1, shaggy fur 1, tough skin 1, inability to read after injury 2,
hated by all, inexperienced 1, temperature sensitive, mutation resistance 1
}: 5/15 runes: serpentine, barnacled, slimy, silver, abyssal
a: Siphon Essence, Begin Untransformation, Renounce Religion, Draw Out Power,
Power Leap, Apocalypse


You were on level 1 of the Depths.
You worshipped Ru.
Ru was exalted by your worship.
You were an undying horror.
You visited 10 branches of the dungeon, and saw 46 of its levels.
You visited the Abyss 3 times.
You visited 1 bazaar.
You also visited: Ossuary, Ice Cave and Wizlab.

You collected 6932 gold pieces.
You spent 4289 gold pieces at shops.

Inventory:

Hand Weapons
 d - the +7 arbalest of Ignis {penet, Will+ Int+3}
   (You found it on level 3 of the Snake Pit)

   Int+3:     It affects your intelligence (+3).
   Will+:     It increases your willpower.
Missiles
 j - 4 throwing nets
 X - 37 large rocks
 Y - 13 silver javelins
Armour
 k - the +1 hat of Hopscotch (worn) {rF+ Regen+ Int-2}
   (You acquired it on level 2 of the Orcish Mines)

   Int-2:     It affects your intelligence (-2).
   rF+:       It protects you from fire.
   Regen+:    It increases your rate of health regeneration.
 z - the +5 moon troll leather armour (worn) {Spirit, Regen++ MP+5}
   (You bought it in a shop on level 2 of the Orcish Mines)

   MP+5:      It affects your magic capacity (+5).
   Regen++:   It increases your rate of health regeneration.
 Q - the +0 hat of Follow the Leader {+Blink rElec rCorr Slay-4}
   (You acquired it on level 5 of the Lair of Beasts)

   Slay-4:    It affects your accuracy & damage with ranged weapons and melee
   (-4).
   rElec:     It insulates you from electricity.
   +Blink:    It lets you blink.
   rCorr:     It protects you from acid and corrosion.
 U - a scarf of resistance (worn)
Jewellery
 l - an amulet of regeneration
 n - an amulet of the acrobat (around neck)
 r - a ring of protection from cold (left claw)
 s - the ring "Itriwk" {rF- rN++ Str+5 Dex+6 SInv}
   (You found it on level 5 of the Vaults)

   [ring of dexterity]

   Str+5:     It affects your strength (+5).
   Dex+6:     It affects your dexterity (+6).
   rF-:       It makes you vulnerable to fire.
   rN++:      It greatly protects you from negative energy.
   SInv:      It lets you see invisible.
 E - the ring "Tugial" {*Corrode rElec rPois Will+ Int+5}
   (You took it off a deep elf blademaster on level 3 of the Elven Halls)

   [ring of willpower]

   Int+5:     It affects your intelligence (+5).
   rElec:     It insulates you from electricity.
   rPois:     It protects you from poison Will+: It increases your willpower.
   *Corrode:  It may corrode you when you take damage.
 N - a ring of protection from cold
 O - the ring "Ypsoq" (right claw) {Fly Str+4}
   (You found it on level 1 of the Lair of Beasts)

   [ring of flight]

   Str+4:     It affects your strength (+4).
   Fly:       It grants you flight.
 P - a ring of wizardry
 V - a ring of see invisible
Talismans
 m - a dragon-blood talisman
 L - a talisman of death (active)
 M - a granite talisman
Wands
 c - a wand of digging (2)
 p - a wand of roots (51)
 D - a wand of light (23)
 R - a wand of mindburst (26)
 T - a wand of paralysis (59) (quivered)
Scrolls
 a - 14 scrolls of teleportation
 f - a scroll of silence
 h - 10 scrolls of fear
 o - 7 scrolls of amnesia
 t - 10 scrolls of vulnerability
 v - 10 scrolls of fog
 w - 6 scrolls of enchant weapon
 x - 8 scrolls of blinking
 A - 11 scrolls of enchant armour
 G - 5 scrolls of revelation
Potions
 e - 11 potions of mutation
 g - 11 potions of curing
 i - a potion of invisibility
 q - 2 potions of magic
 u - 8 potions of might
 y - 3 potions of cancellation
 B - 7 potions of brilliance
 F - 6 potions of lignification
 H - 2 potions of heal wounds
 I - 2 potions of resistance
 J - 2 potions of berserk rage
 K - 4 potions of attraction
 W - a potion of ambrosia
 Z - a potion of enlightenment
Miscellaneous
 b - a condenser vane (inert)
 C - a lightning rod (4/4)
 S - a phial of floods


   Skills:
 + Level 16.3 Fighting
 + Level 11.5 Throwing
 + Level 16.4 Dodging
 + Level 19.7 Unarmed Combat
 - Level 9.0 Evocations
 * Level 23.0 Shapeshifting


You had 18 spell levels left.
You knew the following spells:

 Your Spells              Type           Power      Damage    Failure   Level
a - Apportation           Tloc           0%         N/A       54%         1
b - Wereblood             Tmut           0%         N/A       67%         2

Your spell library contained the following spells:

 Spells                   Type           Power      Damage    Failure   Level
 Kiss of Death            Conj/Necr      0%         2d5       54%         1
 Magic Dart               Conj           0%         1d3       54%         1
 Necrotise                Necr           0%         1d4       54%         1
 Sting                    Tmut/Pois      0%         1d3       54%         1
 Blink                    Tloc           0%         N/A       67%         2
 Cigotuvi's Dreadful Rot  Necr/Pois/Air  0%         N/A       67%         2
 Ensorcelled Hibernation  Hex/Ice        0%         N/A       67%         2
 Poisonous Vapours        Pois/Air       0%         N/A       67%         2
 Scorch                   Fire           0%         2d5       67%         2
 Static Discharge         Conj/Air       0%         2-2/arc   67%         2
 Sublimation of Blood     Necr           0%         N/A       67%         2
 Confusing Touch          Hex            0%         N/A       88%         3
 Ignite Poison            Fire/Tmut/Pois 0%         N/A       88%         3
 Inner Flame              Hex/Fire       0%         N/A       88%         3
 Mephitic Cloud           Conj/Pois/Air  0%         N/A       88%         3
 Ozocubu's Armour         Ice            0%         N/A       88%         3
 Stone Arrow              Conj/Erth      0%         3d7       88%         3
 Vhi's Electric Charge    Tloc/Air       0%         N/A       88%         3
 Volatile Blastmotes      Fire/Tloc      0%         2d10      88%         3
 Anguish                  Hex/Necr       0%         N/A       99%         4
 Dispel Undead            Necr           0%         3d6       99%         4
 Flame Wave               Conj/Fire      0%         2d4       99%         4
 Fulminant Prism          Conj/Hex       0%         3d5       99%         4
 Iskenderun's Mystic Bla  Conj/Tloc      0%         2d3       99%         4
 Leda's Liquefaction      Hex/Erth       0%         N/A       99%         4
 Olgreb's Toxic Radiance  Pois           0%         N/A       99%         4
 Passage of Golubria      Tloc           0%         N/A       99%         4
 Petrify                  Tmut/Erth      0%         N/A       99%         4
 Alistair's Intoxication  Tmut/Pois      0%         N/A       100%        5
 Arcjolt                  Conj/Air       0%         1d10      100%        5
 Borgnjor's Vile Clutch   Necr/Erth      0%         N/A       100%        5
 Freezing Cloud           Conj/Ice/Air   0%         6-21      100%        5
 Irradiate                Conj/Tmut      0%         3d11      100%        5
 Lee's Rapid Deconstruct  Erth           0%         3d4*      100%        5
 Silence                  Hex/Air        0%         N/A       100%        5
 Yara's Violent Unravell  Hex/Tmut       0%         3d3       100%        5
 Eringya's Noxious Bog    Tmut/Pois      0%         4d6       100%        6
 Leda's Unmaking          Conj/Erth      0%         9d1       100%        6
 Plasma Beam              Fire/Air       0%         2x1d10    100%        6
 Enfeeble                 Hex            0%         N/A       100%        7
 Orb of Destruction       Conj           0%         9d5       100%        7
 Ozocubu's Refrigeration  Ice            0%         4d7       100%        7
 Borgnjor's Revivificati  Necr           0%         N/A       100%        8
 Lehudib's Crystal Spear  Conj/Erth      0%         10d2      100%        8
 Death's Door             Necr           0%         N/A       100%        9
 Summon Small Mammal      Summ           Unusable   N/A       N/A         1
 Call Imp                 Summ           Unusable   N/A       N/A         2
 Call Canine Familiar     Summ           Unusable   N/A       N/A         3
 Tukima's Dance           Hex            Unusable   N/A       N/A         3
 Animate Armour           Summ/Erth      Unusable   N/A       N/A         4
 Animate Dead             Necr           Unusable   N/A       N/A         4
 Summon Mana Viper        Hex/Summ       Unusable   N/A       N/A         5
 Death Channel            Necr           Unusable   N/A       N/A         6
 Summon Cactus Giant      Summ           Unusable   N/A       N/A         6
 Haunt                    Necr/Summ      Unusable   N/A       N/A         7
 Malign Gateway           Summ/Tloc      Unusable   N/A       N/A         7
 Summon Hydra             Summ           Unusable   N/A       N/A         7

Dungeon Overview and Level Annotations

Branches:
Dungeon (15/15)            Temple (1/1) D:5            Lair (5/5) D:9
 Shoals (4/4) Lair:3        Snake (4/4) Lair:2        Slime (5/5) Lair:5
    Orc (2/2) D:11            Elf (3/3) Orc:2        Vaults (5/5) D:14
  Crypt (0/3) Vaults:2     Depths (2/4) D:15        Ossuary (visited)
  IceCv (visited)          WizLab (visited)

Altars:
Ashenzari
Cheibriados
Dithmenos
Elyvilon
Gozag
Kikubaaqudgha
Makhleb
Nemelex Xobeh
Okawaru
Qazlal
Ru
Sif Muna
Trog
Uskayaw
Vehumet
Wu Jian
Xom
Zin
The Shining One

Shops:
Orc:2 ([?:   Shoals:2 ?   Shoals:3 *   Snake:1 [   Snake:2 =:=   Snake:3 [*=
Vaults:2 =   Vaults:5 ?

Portals:
Hell: Depths:1 Depths:2
Pandemonium: Depths:2
Ziggurat: Depths:2

Annotations:
Depths:1 Norris
Depths:2 3 runed translucent doors, Iloeme's ghost, adept DECK


Innate Abilities, Weirdness & Mutations

You are an undying horror.
Your melee and unarmed attacks drain, slow and weaken victims.
You are immune to unholy pain and torment.
You cannot drink.
You are immune to poison.
You are too large for most types of armour.
You have claws for hands.
Your natural rate of healing is unusually fast.
You are covered in fur. (AC +1)
You have tough skin. (AC +1)
You sometimes lose the ability to read scrolls when taking damage.
You are hated by all.
You are somewhat inexperienced. (-1 XL)
You are sensitive to extremes of temperature. (rF-, rC-)
You are somewhat resistant to further mutation.


Message History

The yellow draconian annihilator spits acid at you.
The glob of acid hits you!! The acid corrodes you!
You bump into the stone wall.
The purple very ugly thing seems less drained.
Norris is stunned by your conviction and fails to attack.
The yellow draconian annihilator casts a spell at you.
The crystal spear misses you.
The crystal spear misses Norris.
Norris invokes the aid of his god against you.
You resist with significant effort.
The yellow draconian annihilator misses you.
You're too confused to move!
Norris hits you from afar with a +0 halberd!
You are more confused.
You focus your inner power and illuminate Norris in retribution!
The yellow draconian annihilator points at you and mumbles some strange words.
The entropic shot hits you!!
* * * LOW HITPOINT WARNING * * *
You bump into the stone wall.
Norris hits you from afar with a +0 halberd!
* * * LOW HITPOINT WARNING * * *
The yellow draconian annihilator hits you with a +0 long sword!
* * * LOW HITPOINT WARNING * * *
You bump into the stone wall.
Norris hits you from afar with a +0 halberd!
* * * LOW HITPOINT WARNING * * *
You redirect the yellow draconian annihilator's attack!
The yellow draconian annihilator hits you with a +0 long sword.
* * * LOW HITPOINT WARNING * * *
You scratch the yellow draconian annihilator.
The yellow draconian annihilator decays.
You drain the yellow draconian annihilator.
Your claw misses the yellow draconian annihilator.
The yellow draconian annihilator is lightly wounded.
Norris hits you from afar with a +0 halberd!!
* * * LOW HITPOINT WARNING * * *
Unknown command.
You bump into the stone wall.
The yellow draconian annihilator begins to cast a spell, but is stunned by your conviction!
Norris hits you from afar with a +0 halberd!!
You die... #### #.._..# ####..# |...: #..'..# ll.

####..#..## #u# ..#...#...#
#l#### ..#...##'## #uuq.##
..'....#..# #@###.# ..#....#..#
####~)~.## ..#....#..###...z####
### '####.###'##.###q# #.#
.#..###..)###.[..#### ##.#######
##....#...# ####....###....#...#
.[....##..# #[###.###...'...#
......[).(# #....####'###...##
#.....[#..# ##.######....#...#.
####...#..#####...####.....#...#.
#...#..#.....⌠....>.....#...'.


You could see Norris (corona), 2 very ugly things, a yellow draconian
annihilator (slow, weak, drained), 3 skysharks and a green ugly thing.

Vanquished Creatures
  the Royal Jelly (Slime:5)
  A dread lich (Abyss:3)
  3 ancient liches
  Mara (Vaults:4)
  Vashnia (Snake:3)
  A profane servitor (Abyss:2)
  2 golden dragons
  2 doom hounds (Depths:2)
  A Tzitzimitl (Depths:2)
  A hellephant (Abyss:3)
  3 Hell Sentinels
  7 liches
  2 tentacled monstrosities (Vaults:5)
  Grunn (Depths:2)
  2 deep elf blademasters
  3 titans (Vaults:5)
  13 acid blobs
  Gastronok (Lair:1)
  4 deep elf master archers
  A kraken (Shoals:3)
  9 tentacled starspawn
  3 sphinxes (Vaults:4)
  6 storm dragons
  3 tengu reavers
  A thorn hunter (WizLab)
  3 fenstrider witches (WizLab)
  3 shadow dragons (Vaults:5)
  6 azure jellies
  8 nagarajas
  7 rockslimes
  6 frost giants
  12 deep elf sorcerers
  13 vault wardens
  4 fire giants
  2 draconian shifters (Abyss:3)
  4 deep elf elementalists (Elf:3)
  An orc warlord (Vaults:4)
  A balrug (Abyss:2)
  11 stone giants
  A cacodemon (Abyss:3)
  2 war gargoyles
  21 ironbound preservers
  A reaper (Depths:2)
  5 ironbound thunderhulks
  8 quicksilver oozes
  2 spriggan defenders (Depths:2)
  12 very ugly things
  2 vampire knights
  4 deep elf demonologists
  Nessos (D:13)
  An eleionoma (WizLab)
  A yellow draconian (Abyss:2)
  Azrael (Elf:1)
  2 putrid mouths (Depths:2)
  A minotaur (Lair:1)
  9 spark wasps
  18 dire elephants
  The ghost of Afrar the Peltast, a journeyman FoFi of Okawaru (D:12)
  5 deep elf annihilators (Elf:3)
  7 deep elf death magi
  An eidolon (Vaults:2)
  8 ettins
  A crystal guardian (Vaults:2)
  2 entropy weavers
  Josephine (Orc:1)
  6 deep elf high priests
  4 fire dragons
  2 shambling mangroves (WizLab)
  8 merfolk javelineers
  Fannar (Orc:1)
  5 merfolk impalers
  11 yaktaur captains
  26 vault guards
  Erolcha (D:12)
  An ice dragon (Depths:2)
  Harold (Lair:1)
  2 peacekeepers
  7 great orbs of eyes
  4 rakshasas
  2 spriggan air magi
  5 salamander tyrants
  3 merfolk avatars
  A hydra (Lair:5)
  2 ogre magi (Vaults:5)
  2 alligator snapping turtles
  3 merfolk aquamancers
  An alligator (Shoals:1)
  9 ironbound frosthearts
  2 catoblepae
  17 centaur warriors
  10 anacondas
  31 dancing weapons
  5 boulder beetles
  7 two-headed ogres
  5 tengu warriors
  15 death yaks
  4 deep troll shamans
  19 naga warriors
  6 satyrs
  2 deep troll earth magi
  A vampire mage (Depths:1)
  18 naga sharpshooters
  An orc high priest (Orc:1)
  Urug (Orc:1)
  3 spriggan berserkers (Depths:2)
  6 thrashing horrors
  6 shock serpents
  9 skysharks
  16 deep elf knights
  6 skeletal warriors
  5 wretched stars (Abyss:3)
  An iron troll (Depths:1)
  A shadow wraith (Vaults:5)
  2 sixfirhies
  7 salamander mystics
  2 goliath frogs (Shoals:1)
  2 spatial maelstroms (Abyss:3)
  13 sea snakes
  A shadow demon (Depths:2)
  50 deep trolls
  Lodul (D:10)
  A spriggan druid (Depths:2)
  5 naga ritualists
  4 glowing orange brains
  13 ironbound convokers
  A deep troll (shapeshifter) (Vaults:5)
  A necromancer (D:14)
  5 deep elf archers
  A lindwurm (shapeshifter) (D:13)
  10 lindwurms
  24 deep elf pyromancers
  19 deep elf zephyrmancers
  34 ugly things
  2 phantasmal warriors
  4 oklob plants
  7 orc knights
  10 harpies
  5 shining eyes
  9 orc sorcerers
  13 wizards
  12 mana vipers
  9 manticores
  11 salamanders
  6 fauns
  8 elephants
  14 vault sentinels
  3 worldbinders
  14 cyclopes
  2 manticores (shapeshifter)
  5 merfolk sirens
  47 black mambas
  Joseph (Lair:1)
  5 guardian serpents
  12 naga magi
  12 water nymphs
  A torpor snail (Lair:5)
  An ice statue (IceCv)
  A gargoyle (D:12)
  3 orange demons
  6 smoke demons
  6 eyes of devastation
  The ghost of Vruhak the Sneak, a novice FoBr of Okawaru (D:4)
  Maggie (D:8)
  10 cane toads
  4 efreet
  A kobold demonologist (Abyss:2)
  5 freezing wraiths
  5 komodo dragons
  4 rime drakes
  An iron giant simulacrum (Abyss:2)
  A tormentor (Depths:2)
  5 ancient zymes
  2 tengu conjurers
  38 yaktaurs
  9 meliai
  7 polar bears
  12 merfolk
  A red devil (Depths:2)
  10 wind drakes
  6 trolls
  A hellwing (Abyss:3)
  A meliai (shapeshifter) (D:15)
  Grinder (D:5)
  10 hornets
  A troll (shapeshifter) (Vaults:5)
  32 blink frogs
  6 raiju
  5 dream sheep
  A dream sheep (shapeshifter) (D:15)
  An ice dragon zombie (Abyss:2)
  5 snapping turtles
  21 spriggans
  8 air elementals
  96 slime creatures
  Sigmund (D:2)
  11 small abominations
  18 water elementals
  4 shadows
  11 wraiths
  8 ynoxinuls
  4 wyverns
  2 basilisks
  66 yaks
  3 chaos spawn
  10 starcursed masses
  5 fire elementals
  5 golden eyes (Slime:1)
  17 large abominations
  3 neqoxecs
  2 steam dragons
  26 vampire mosquitoes
  2 spatial vortices (Abyss:3)
  2 redbacks (Vaults:2)
  An acid dragon (D:11)
  29 nagas
  6 wargs (Orc:2)
  2 floating eyes
  18 water moccasins
  5 hell hounds (Elf:1)
  6 black bears
  6 ice beasts
  25 orc warriors
  3 sky beasts
  16 ogres
  36 wolves
  10 boggarts
  6 centaurs
  A phantom (D:4)
  18 bullfrogs
  4 earth elementals
  2 scorpions (D:6)
  An elephant simulacrum (D:12)
  A howler monkey (D:6)
  5 crimson imps
  3 hounds
  A quasit (Abyss:2)
  2 jellies
  12 orc priests
  A sleepcap (D:7)
  Terence (D:2)
  An iguana (D:5)
  37 orc wizards
  A spriggan simulacrum (D:12)
  2 troll simulacra (D:12)
  A polar bear simulacrum (D:12)
  A wolf simulacrum (D:12)
  A mummy (Ossuary)
  Robin (D:2)
  A gnoll (shapeshifter) (Vaults:5)
  3 adders (D:4)
  3 gnolls (D:4)
  An adder (shapeshifter) (Vaults:5)
  2 naga simulacra (D:12)
  A shadow imp (D:7)
  2 white imps
  4 ufetubi
  A worm (D:4)
  3 dart slugs
  89 orcs
  A spectral bat (Ossuary)
  5 ball pythons
  5 endoplasms
  3 giant cockroaches
  12 gnoll zombies (Ossuary)
  15 goblins
  15 hobgoblins
  4 jackals (D:5)
  5 quokkas
  2 training dummies (D:4)
  3 bats
  A bat simulacrum (Ossuary)
  A frilled lizard (D:1)
  A goblin simulacrum (Ossuary)
  6 goblin zombies (Ossuary)
  4 hobgoblin zombies (Ossuary)
  4 kobolds
  3 kobold simulacra (Ossuary)
  4 kobold zombies (Ossuary)
  4 orc zombies (Ossuary)
  2 rats
  3 rat simulacra (Ossuary)
  2 spectral kobolds (Ossuary)
  2 spectral rats (Ossuary)
  2 starspawn tentacles
  3 tentacles (Shoals:3)
2001 creatures vanquished.

Vanquished Creatures (others)
  A golden dragon (Vaults:5)
  A tentacled monstrosity (Vaults:5)
  An iron dragon (Vaults:5)
  A vault warden (Vaults:1)
  2 deep elf annihilators
  Snorg (D:12)
  A vault guard (Vaults:5)
  A deep elf archer (Elf:2)
  A harpy (Vaults:5)
  2 deep elf zephyrmancers
  2 deep elf pyromancers
  A faun (WizLab)
  An ugly thing (Vaults:4)
  2 manticores
  A naga mage (Snake:4)
  An unseen horror (Abyss:3)
  2 yaktaurs
  A merfolk (Shoals:1)
  A dream sheep (Shoals:3)
  A slime creature (Slime:5)
  A spriggan (Depths:2)
  A vampire (Abyss:3)
  An orc wizard (Orc:1)
  2 orcs (Orc:2)
  19 starspawn tentacles
  3 tentacles (Shoals:3)
52 creatures vanquished.

Grand Total: 2053 creatures vanquished

Notes
Turn   | Place    | Note
-------+----------+-------------------------------------------
     0 | D:1      | Turgor the Troll Shapeshifter began the quest for the Orb.
     0 | D:1      | Reached XP level 1. HP: 18/18 MP: 0/0
   203 | D:1      | Reached skill level 1 in Fighting
   242 | D:1      | Reached XP level 2. HP: 27/27 MP: 1/1
   850 | D:2      | Noticed Robin
   933 | D:2      | Killed Robin
   934 | D:2      | Reached XP level 3. HP: 33/33 MP: 2/2
   994 | D:2      | Noticed Sigmund
   995 | D:2      | Noticed Terence
  1002 | D:2      | Killed Sigmund
  1003 | D:2      | Reached skill level 4 in Shapeshifting
  1003 | D:2      | Reached XP level 4. HP: 42/42 MP: 3/3
  1003 | D:2      | Reached XP level 5. HP: 49/49 MP: 4/4
  1006 | D:2      | Killed Terence
  1724 | D:3      | Identified the +1 ring mail of Hubris {rElec Str+2}
  1795 | D:3      | Found a shimmering altar of Xom.
  1802 | D:3      | Reached XP level 6. HP: 56/57 MP: 5/5
  1849 | D:3      | Found a broken altar of Ashenzari.
  2365 | D:4      | Found a bloodstained altar of Trog.
  2417 | D:4      | Reached XP level 7. HP: 61/66 MP: 6/6
  2459 | D:4      | Reached skill level 5 in Shapeshifting
  2655 | D:4      | Found a runed translucent gate.
  2659 | D:4      | Noticed Vruhak's ghost (novice FoBr)
  2659 | D:4      | Found a runed translucent gate.
  2660 | D:4      | Found a runed translucent gate.
  2661 | D:4      | Identified the +1 hand axe of Disharmony {heavy, Int+4}
  2661 | D:4      | Identified the +6 leather armour of Yshyum {Int+2}
  2879 | D:5      | Entered Level 5 of the Dungeon
  2879 | D:5      | Noticed a yak
  2879 | D:5      | Noticed a yak
  2879 | D:5      | Noticed a yak
  2879 | D:5      | Noticed a yak
  2988 | D:5      | Killed a yak
  2992 | D:5      | Noticed Grinder
  2994 | D:5      | Killed a yak
  3000 | D:5      | Killed a yak
  3001 | D:5      | Reached skill level 5 in Unarmed Combat
  3005 | D:5      | Killed a yak
  3006 | D:5      | Reached XP level 8. HP: 37/75 MP: 7/7
  3008 | D:5      | Paralysed by Grinder for 5 turns
  3014 | D:5      | Killed Grinder
  3015 | D:5      | Reached skill level 6 in Shapeshifting
  3019 | D:5      | Upgraded the game from 0.31-a0-507-gbafd7f5274 to
                  | 0.31-a0-521-gc7390f8997
  3256 | D:5      | Found a sand-covered staircase.
  3263 | Ossuary  | Entered an ossuary
  3669 | D:5      | Found a staircase to the Ecumenical Temple.
  3678 | Temple   | Entered the Ecumenical Temple
  3686 | Temple   | Became a worshipper of Ru the Awakened
  4212 | D:6      | Found a stormy altar of Qazlal.
  4215 | D:6      | Learned a level 1 spell: Apportation
  4218 | D:6      | Learned a level 2 spell: Wereblood
  4315 | D:6      | Found a glowing silver altar of Zin.
  4397 | D:6      | Reached skill level 7 in Shapeshifting
  4397 | D:6      | Reached XP level 9. HP: 68/84 MP: 8/8
  4455 | D:6      | Found a radiant altar of Vehumet.
  4455 | D:6      | Found a glowing golden altar of the Shining One.
  4846 | D:7      | Found a blossoming altar of Fedhas.
  4900 | D:7      | Found a hide-covered altar of Uskayaw.
  4945 | D:7      | Gained mutation: You are sensitive to extremes of
                  | temperature. (rF-, rC-) [Ru sacrifice]
  4945 | D:7      | Reached * piety under Ru
  4945 | D:7      | Reached ** piety under Ru
  5037 | D:7      | Found a sparkling altar of Nemelex Xobeh.
  5037 | D:7      | Found an opulent altar of Gozag.
  5104 | D:7      | Reached skill level 5 in Dodging
  5728 | D:8      | Found a white marble altar of Elyvilon.
  5983 | D:8      | Reached skill level 5 in Fighting
  6248 | D:8      | Noticed a tengu warrior
  6263 | D:8      | Killed a tengu warrior
  6264 | D:8      | Reached skill level 8 in Shapeshifting
  6360 | D:8      | Reached XP level 10. HP: 96/96 MP: 9/9
  6425 | D:8      | Noticed Maggie
  6433 | D:8      | Killed Maggie
  6467 | D:8      | Noticed a centaur warrior
  6493 | D:8      | Killed a centaur warrior
  6633 | D:8      | Found a burning altar of Makhleb.
  6748 | D:9      | Identified the ring "Mauscheth" {Fly Str+3}
  6756 | D:9      | Found a staircase to the Lair.
  6772 | D:9      | Reached skill level 9 in Shapeshifting
  6941 | D:9      | Gained mutation: You occasionally lose the ability to read
                  | scrolls when taking damage. [Ru sacrifice]
  6941 | D:9      | Gained mutation: You sometimes lose the ability to read
                  | scrolls when taking damage. [Ru sacrifice]
  6941 | D:9      | Reached *** piety under Ru
  7023 | D:9      | Found an ornate altar of the Wu Jian Council.
  7281 | D:9      | Found a shadowy altar of Dithmenos.
  7563 | D:10     | Entered Level 10 of the Dungeon
  7633 | D:10     | Noticed a two-headed ogre
  7637 | D:10     | Killed a two-headed ogre
  7638 | D:10     | Reached XP level 11. HP: 107/107 MP: 10/10
  7645 | D:10     | Noticed Lodul
  7677 | D:10     | Reached skill level 10 in Shapeshifting
  7685 | D:10     | Killed Lodul
  8490 | D:11     | Found a staircase to the Orcish Mines.
  8507 | D:11     | Identified the +7 whip "Pesejokk" {flame, rPois Will+
                  | Dex+3}
  8846 | D:11     | Gained mutation: You are somewhat inexperienced. (-1 XL)
                  | [Ru sacrifice]
  8846 | D:11     | Reached XP level 10. HP: 122/122 MP: 9/9
  8846 | D:11     | Reached **** piety under Ru
  8846 | D:11     | Reached ***** piety under Ru
  9159 | D:12     | Found a frozen archway.
  9183 | IceCv    | Entered an ice cave
  9213 | IceCv    | Reached skill level 11 in Shapeshifting
  9295 | IceCv    | Noticed a death yak
  9310 | IceCv    | Killed a death yak
  9417 | IceCv    | Reached XP level 11. HP: 109/109 MP: 10/10
  9626 | IceCv    | Noticed a death yak
  9626 | IceCv    | Noticed a death yak
  9634 | IceCv    | Killed a death yak
  9639 | IceCv    | Killed a death yak
  9640 | IceCv    | Reached skill level 10 in Unarmed Combat
  9640 | IceCv    | Noticed a death yak
  9654 | IceCv    | Killed a death yak
  9667 | IceCv    | Noticed a death yak
  9667 | IceCv    | Noticed a frost giant
  9831 | IceCv    | Killed a frost giant
  9832 | IceCv    | Reached skill level 12 in Shapeshifting
  9940 | IceCv    | Killed a death yak
 10191 | D:12     | Found a runed translucent gate.
 10191 | D:12     | Found a runed translucent gate.
 10191 | D:12     | Found a runed translucent gate.
 10191 | D:12     | Noticed Afrar's ghost (journeyman FoFi)
 10200 | D:12     | Found the +8 autumn katana {manifold assault}
 10408 | D:12     | Noticed Snorg
 10415 | D:12     | Killed Snorg
 10689 | D:12     | Noticed Erolcha
 10695 | D:12     | Killed Erolcha
 11015 | D:4      | Killed Vruhak's ghost
 11204 | Lair:1   | Entered Level 1 of the Lair of Beasts
 11238 | Lair:1   | Gained mutation: You are hated by all. [Ru sacrifice]
 11238 | Lair:1   | Reached ****** piety under Ru
 11289 | Lair:1   | Reached XP level 12. HP: 78/115 MP: 2/11
 11410 | Lair:1   | Noticed Joseph
 11420 | Lair:1   | Killed Joseph
 11601 | Lair:1   | Noticed Gastronok
 11620 | Lair:1   | Killed Gastronok
 11621 | Lair:1   | Reached skill level 13 in Shapeshifting
 11692 | Lair:1   | Noticed Harold
 11699 | Lair:1   | Killed Harold
 12000 | Lair:1   | Found a runed translucent door.
 12029 | Lair:1   | Noticed a minotaur
 12037 | Lair:1   | Killed a minotaur
 12113 | Lair:1   | Identified the ring "Ypsoq" {Fly Str+4}
 12592 | Lair:2   | Identified a scroll of acquirement
 12593 | Lair:2   | Acquired 889 gold pieces
 12726 | Lair:2   | Found a staircase to the Snake Pit.
 13643 | Lair:3   | Reached XP level 13. HP: 68/131 MP: 12/12
 13835 | Lair:3   | Found a staircase to the Shoals.
 14490 | Lair:3   | Reached skill level 14 in Shapeshifting
 15034 | Lair:4   | You fall into a shaft and drop 1 floor!
 15034 | Lair:5   | Entered Level 5 of the Lair of Beasts
 15612 | Lair:5   | Reached skill level 10 in Fighting
 15815 | Lair:5   | Identified the +5 helmet "Orphahica" {*Slow rC+++ Slay+2}
 15915 | Lair:5   | Paralysed by a hornet for 3 turns
 16319 | Lair:5   | Acquired the +0 hat of Follow the Leader {+Blink rElec
                  | rCorr Slay-4}
 16544 | Lair:5   | Found a staircase to the Slime Pits.
 16782 | Orc:1    | Entered Level 1 of the Orcish Mines
 16782 | Orc:1    | Noticed Urug
 16782 | Orc:1    | Noticed Josephine
 16787 | Orc:1    | Killed Urug
 16798 | Orc:1    | Killed Josephine
 16925 | Orc:2    | Entered Level 2 of the Orcish Mines
 17203 | Orc:2    | Found Kuadghes's Armour Shoppe.
 17203 | Orc:2    | Found Yqoaf Kintir's Antique Weapon Shop.
 17277 | Orc:2    | Bought the +5 moon troll leather armour {Spirit, Regen++
                  | MP+5} for 833 gold pieces
 17277 | Orc:2    | Found the +5 moon troll leather armour {Spirit, Regen++
                  | MP+5}
 17383 | Orc:2    | Found Getaf's Book Shoppe.
 17383 | Orc:2    | Found Jauwosk's Magic Scroll Shop.
 17397 | Orc:2    | Reached skill level 15 in Shapeshifting
 17404 | Orc:2    | Reached XP level 14. HP: 113/128 MP: 13/13
 17478 | Orc:2    | Bought a scroll of fear for 44 gold pieces
 17478 | Orc:2    | Bought a scroll of blinking for 82 gold pieces
 17478 | Orc:2    | Bought a scroll of fear for 44 gold pieces
 17478 | Orc:2    | Bought a scroll of acquirement for 572 gold pieces
 17478 | Orc:2    | Bought a scroll of enchant weapon for 82 gold pieces
 17478 | Orc:2    | Bought a scroll of identify for 22 gold pieces
 17478 | Orc:2    | Acquired the +1 hat of Hopscotch {rF+ Regen+ Int-2}
 17538 | Orc:2    | Found a staircase to the Elven Halls.
 18030 | Orc:1    | Noticed Fannar
 18050 | Orc:1    | Killed Fannar
 18313 | Orc:1    | Reached skill level 10 in Dodging
 18599 | D:12     | Killed Afrar's ghost
 18789 | D:13     | Noticed Nessos
 18800 | D:13     | Killed Nessos
 19914 | D:14     | Identified the +0 ring mail "Odavuvo" {rN+ Str+3 Stlth+}
 19965 | D:14     | Found a gate to the Vaults.
 20139 | D:14     | Found a sparkling altar of Nemelex Xobeh.
 20177 | D:15     | Entered Level 15 of the Dungeon
 20778 | D:15     | Found a staircase to the Depths.
 21396 | Snake:1  | Entered Level 1 of the Snake Pit
 21396 | Snake:1  | Noticed a nagaraja
 21402 | Snake:1  | Reached skill level 16 in Shapeshifting
 21403 | Snake:1  | Killed a nagaraja
 21404 | Snake:1  | Reached skill level 1 in Evocations
 21408 | Snake:1  | Found a runed translucent gate.
 21409 | Snake:1  | Found a runed translucent gate.
 21410 | Snake:1  | Found a runed translucent gate.
 21845 | Snake:1  | Reached XP level 15. HP: 133/150 MP: 14/14
 22347 | Snake:1  | HP: 6/154 [naga/+0 glaive (12)]
 22505 | Snake:1  | Found Sytiwove's Antique Armour Boutique.
 22513 | Snake:1  | Bought an embroidered cloak for 210 gold pieces
 22881 | Snake:2  | Found Baaster's Jewellery Shop.
 22881 | Snake:2  | Found Acloadol's Book Emporium.
 22883 | Snake:2  | Found Nirepnou's Jewellery Shop.
 22892 | Snake:2  | Bought a manual of Fighting for 1280 gold pieces
 23458 | Snake:2  | Upgraded the game from 0.31-a0-521-gc7390f8997 to
                  | 0.31-a0-523-g071a6c1ffa
 23580 | Snake:3  | Found Biet's Jewellery Shoppe.
 23582 | Snake:3  | Found Fuexycu's General Store.
 23585 | Snake:3  | Found Goarcho's Armour Shoppe.
 23875 | Snake:3  | Identified the +7 arbalest of Ignis {penet, Will+ Int+3}
 23888 | Snake:3  | Noticed Vashnia
 23928 | Snake:3  | Killed Vashnia
 24168 | Snake:4  | Entered Level 4 of the Snake Pit
 24418 | Snake:4  | Reached skill level 5 in Evocations
 24466 | Snake:4  | Reached XP level 16. HP: 164/164 MP: 15/15
 24650 | Snake:4  | Reached skill level 17 in Shapeshifting
 25246 | Snake:4  | Got a serpentine rune of Zot
 25414 | Snake:3  | Bought a dragon-blood talisman for 1120 gold pieces
 25525 | Shoals:1 | Entered Level 1 of the Shoals
 26082 | Shoals:2 | Found Mejiut's Magic Scroll Boutique.
 26658 | Shoals:3 | Noticed a kraken
 26673 | Shoals:3 | Killed a kraken
 26680 | Shoals:3 | Found Etwoupt's Assorted Antiques.
 26769 | Shoals:3 | Reached skill level 15 in Unarmed Combat
 27017 | Shoals:4 | Entered Level 4 of the Shoals
 27138 | Shoals:4 | Reached XP level 17. HP: 178/178 MP: 16/16
 27527 | Shoals:4 | Identified the +5 short sword of the Bright God {holy,
                  | rCorr}
 27728 | Shoals:4 | Identified the +1 mace of Rotation {drain, rF++ Dex+3}
 27828 | Shoals:4 | Identified the +9 shortbow of the Winnowing Shrike {flame,
                  | rElec rPois Str-4}
 27901 | Shoals:4 | Got a barnacled rune of Zot
 28241 | Depths:1 | Entered Level 1 of the Depths
 28398 | Depths:1 | Noticed a lich
 28419 | Depths:1 | Killed a lich
 28533 | Depths:1 | Reached skill level 18 in Shapeshifting
 28572 | Depths:1 | Paralysed by an orc sorcerer for 3 turns
 28599 | Depths:1 | Noticed a lich
 28610 | Depths:1 | Killed a lich
 28619 | Depths:1 | Noticed a lich
 28620 | Depths:1 | Noticed a lich
 28629 | Depths:1 | Killed a lich
 28638 | Depths:1 | Killed a lich
 28651 | Depths:1 | Found a gateway to Hell.
 28769 | Depths:1 | Found a runed translucent door.
 28771 | Depths:1 | Noticed Norris
 28772 | Depths:1 | Noticed an ancient lich
 28954 | Depths:1 | Noticed a lich
 28958 | Depths:1 | Killed a lich
 29170 | Depths:2 | Found a one-way gateway to a ziggurat.
 29597 | Depths:2 | Noticed Grunn
 29604 | Depths:2 | Noticed a doom hound
 29604 | Depths:2 | Noticed a doom hound
 29608 | Depths:2 | Killed Grunn
 29609 | Depths:2 | Reached XP level 18. HP: 191/191 MP: 17/17
 29609 | Depths:2 | Killed a doom hound
 29617 | Depths:2 | Killed a doom hound
 29619 | Depths:2 | Noticed a Tzitzimitl
 29627 | Depths:2 | Killed a Tzitzimitl
 29915 | Depths:2 | Found a runed translucent gate.
 29915 | Depths:2 | Found a runed translucent gate.
 29915 | Depths:2 | Found a runed translucent gate.
 29915 | Depths:2 | Noticed an ancient lich
 29916 | Depths:2 | Found an ancient bone altar of Kikubaaqudgha.
 29916 | Depths:2 | Noticed an ancient lich
 29917 | Depths:2 | Noticed Iloeme's ghost (adept DECK)
 29917 | Depths:2 | Noticed a dread lich
 30228 | Depths:2 | Reached skill level 15 in Fighting
 30228 | Depths:2 | Found a one-way gate leading to the halls of Pandemonium.
 30402 | Depths:2 | Paralysed by a floating eye for 3 turns
 30642 | Depths:2 | Gained mutation: You are somewhat resistant to further
                  | mutation. [potion of mutation]
 30924 | Elf:1    | Entered Level 1 of the Elven Halls
 30968 | Elf:1    | Paralysed by an air elemental for 1 turns
 31038 | Elf:1    | Reached skill level 1 in Throwing
 31117 | Elf:1    | Found a gateway to a bazaar.
 31157 | Elf:1    | Noticed Azrael
 31170 | Elf:1    | Killed Azrael
 31633 | Elf:2    | Found a runed translucent gate.
 31634 | Elf:2    | Found a runed translucent gate.
 31634 | Elf:2    | Found a runed translucent gate.
 31845 | Elf:2    | Reached skill level 19 in Shapeshifting
 31850 | Abyss:2  | Found a corrupted altar of Lugonu.
 31850 | Abyss:2  | Cast into level 2 of the Abyss (a deep elf sorcerer)
 32097 | Abyss:2  | Noticed a profane servitor
 32107 | Abyss:2  | Killed a profane servitor
 32169 | Elf:2    | Escaped the Abyss
 32215 | Elf:2    | Paralysed by an air elemental for 1 turns
 32475 | Elf:2    | Reached XP level 19. HP: 201/201 MP: 18/18
 32641 | Elf:3    | Entered Level 3 of the Elven Halls
 33188 | Elf:3    | Identified the +1 morningstar of the Tired Dances {flame,
                  | rN+ Int+2 Dex+2}
 33188 | Elf:3    | Identified the orb of the Dolphin {guile, rElec}
 33294 | Elf:3    | Identified the ring "Tugial" {*Corrode rElec rPois Will+
                  | Int+5}
 33387 | Elf:3    | Reached skill level 5 in Throwing
 33435 | Elf:3    | Identified the +1 battleaxe "Xaafraky" {pain, rElec rC+
                  | Str+3 Int-4}
 33439 | Elf:3    | Identified the +4 ring mail "Feklonla" {rElec Dex+3 Stlth-}
 33440 | Elf:3    | Identified the +5 falchion of High {heavy, rF+ Str-5 Int+5}
 33743 | Elf:3    | Identified the staff "Mihuz" {Contam rElec Dex+4 Earth}
 33756 | Elf:3    | Got the Compendium of Trauma and Nephomancy
 33760 | Elf:3    | Got the Papyrus of Company and the Fjord
 33940 | Bazaar   | Entered a bazaar
 33940 | Bazaar   | Found Iroukeg's Antique Armour Shop.
 33940 | Bazaar   | Found Pyfol's Antique Armour Shoppe.
 33940 | Bazaar   | Found Xofed's Antique Armour Shop.
 33942 | Bazaar   | Found Qycesooxt's Jewellery Shoppe.
 33942 | Bazaar   | Found Uschuri Jemo's Weapon Boutique.
 34191 | Vaults:1 | Entered Level 1 of the Vaults
 34567 | Vaults:1 | Identified the +1 spear of Xom, Hurting {speed, rC++ Will+
                  | rCorr Int-3}
 34572 | Vaults:1 | Identified the +0 pair of gloves of Ziddatocw {rElec rN++
                  | Int+2 Dex-5}
 34749 | Vaults:1 | Reached skill level 20 in Shapeshifting
 35279 | Vaults:1 | Identified the +5 chain mail "Sucucoj" {Will+}
 35489 | Vaults:2 | Found Lacideh's Jewellery Shop.
 35531 | Vaults:2 | Found a magical portal.
 35547 | WizLab   | Entered Eringya's Formal Garden
 36324 | Vaults:2 | Reached XP level 20. HP: 210/210 MP: 19/19
 36347 | Vaults:2 | Found a staircase to the Crypt.
 36396 | Vaults:2 | You are sucked into a shaft and drop 2 floors!
 36416 | Vaults:4 | Noticed Mara
 36426 | Vaults:4 | Noticed Turgor's illusion
 36429 | Vaults:4 | Killed Mara
 36633 | Vaults:4 | Identified the +9 hand axe of Jiqyskur {heavy, *Slow Str+4
                  | Stlth+}
 36865 | Vaults:4 | Paralysed by a great orb of eyes for 2 turns
 37217 | Vaults:4 | Identified the ring of the Queen {Wiz Contam rN++}
 37879 | Vaults:3 | Reached skill level 21 in Shapeshifting
 38274 | Vaults:3 | Reached skill level 15 in Dodging
 38858 | Vaults:2 | Reached XP level 21. HP: 77/193 MP: 11/20
 38995 | Abyss:2  | Cast into level 2 of the Abyss (a wizard)
 39135 | Abyss:3  | Paralysed by an air elemental for 1 turns
 39139 | Abyss:3  | Paralysed by an air elemental for 1 turns
 39172 | Abyss:3  | Paralysed by an air elemental for 1 turns
 39189 | Abyss:3  | Identified the +0 ring mail "Apecokas" {Contam Harm rPois
                  | SInv}
 39293 | Abyss:3  | Found a transporter.
 39296 | Abyss:3  | Found a corrupted altar of Lugonu.
 39296 | Abyss:3  | Found a transporter.
 39302 | Abyss:3  | Found a transporter.
 39346 | Abyss:3  | Noticed a dread lich
 39352 | Abyss:3  | Killed a dread lich
 39677 | Abyss:3  | Found a corrupted altar of Lugonu.
 39683 | Abyss:3  | Got an abyssal rune of Zot
 39694 | Vaults:2 | Escaped the Abyss
 40406 | Vaults:5 | Entered Level 5 of the Vaults
 40408 | Vaults:5 | Reached skill level 10 in Throwing
 40408 | Vaults:5 | Reached skill level 22 in Shapeshifting
 40412 | Vaults:5 | Noticed a golden dragon
 40542 | Vaults:4 | Killed a golden dragon
 40548 | Vaults:5 | Noticed an ancient lich
 40627 | Vaults:4 | Upgraded the game from 0.31-a0-523-g071a6c1ffa to
                  | 0.31-a0-542-gdc2a67831c
 40669 | Vaults:5 | Noticed a golden dragon
 40676 | Vaults:5 | Killed a golden dragon
 40751 | Vaults:5 | Identified the +0 leather armour of Indomitability {Rampage
                  | rF+ rC+}
 40786 | Vaults:5 | Reached XP level 22. HP: 219/219 MP: 21/21
 40815 | Vaults:5 | Noticed an ancient lich
 40820 | Vaults:5 | Killed an ancient lich
 40896 | Abyss:3  | Cast into level 3 of the Abyss (a deep elf sorcerer)
 40898 | Abyss:3  | Found a corrupted altar of Lugonu.
 40925 | Vaults:5 | Escaped the Abyss
 41037 | Vaults:5 | Identified the +7 flail of Valiance {heavy, rPois Str+3
                  | Dex+2}
 41199 | Vaults:5 | Killed an ancient lich
 41510 | Vaults:5 | Got a silver rune of Zot
 41781 | Vaults:5 | Found Henamufo's Magic Scroll Boutique.
 41790 | Vaults:5 | Got Ecogag's Directory of the Non-Euclidean Quarry
 41806 | Vaults:5 | Got the Cyclopedia of Blinking Sciomancy
 41923 | Vaults:5 | Identified the ring "Itriwk" {rF- rN++ Str+5 Dex+6 SInv}
 42520 | Slime:1  | Entered Level 1 of the Pits of Slime
 43668 | Slime:5  | Entered Level 5 of the Pits of Slime
 43782 | Slime:5  | Noticed the Royal Jelly
 43791 | Slime:5  | Killed the Royal Jelly
 43812 | Slime:5  | Reached skill level 23 in Shapeshifting
 43897 | Slime:5  | Identified the +1 ring mail of Cilent {Regen+ Str+5 Dex+2}
 43942 | Slime:5  | Identified the +4 mace of Ilaumaso {freeze, rC++ rN++}
 44022 | Slime:5  | Got a slimy rune of Zot
 44036 | Slime:5  | Identified the +2 scale mail of Patterns {rF+ Str+4}
 44518 | Depths:1 | Killed an ancient lich
 44558 | Depths:1 | Slain by Norris

Illustrated notes

Levels and vault maps discovered:
D:1:      dpeg_arrival_leaves_temple_mockup, layout_basic
D:2:      layout_rooms, nicolae_kite_square_tiling_tiny, uniq_terence,
          uniq_robin, uniq_sigmund
D:3:      layout_rooms, led_xom_imps, mainiacjoe_overflow_alcove_4, fountainhead
D:4:      dreamdust_elfheim, layout_rooms, trog_book, biasface_ghost_orc_armoury
D:5:      layout_loops_ring, minmay_temple_entry_junction,
          nicolae_ossuary_entry_ruins, uniq_grinder
D:6:      layout_cave_pods, old_standard_altar, amethyst_overflow_temple_binary,
          nicolae_overflow_crystal_walls, hangedman_decor_diamond_cutter
D:7:      layout_loops_cross, grunt_temple_overflow_opulence,
          amcnicky_altar_gilded, mainiacjoe_overflow_six_doors_small
D:8:      layout_gridville, makhleb_blood_cavern_becter,
          overflow_temple_1_default, kennysheep_just_a_vault, uniq_maggie
D:9:      layout_irregular_city, grunt_dithmenos_shadows,
          pdpol_wu_jian_five_deadly_venoms, hellmonk_lair_entry_icy
D:10:     layout_loops_ring, uniq_lodul
D:11:     layout_roguey, orc_0_dummy
D:12:     layout_loops_ring, portal_ice_cave_entry_ice_simulacra,
          ebering_ghost_rock_garden, dreamdust_deal_with_the_devil, uniq_snorg,
          uniq_erolcha
D:13:     layout_basic, uniq_nessos
D:14:     layout_cave_pools, david_vaults_1, nemelex_diamond_rough_becter
D:15:     gammafunk_enter_depths_forms, layout_long_grid,
          nzn_hepliaklqana_mist_gate
Temple:   nicolae_temple_little_seven
Lair:1:   dreamdust_labyrinth, layout_misc_corridors, minmay_lair_oklob_bushes,
          uniq_joseph, uniq_gastronok, uniq_harold
Lair:2:   layout_long_grid, minmay_snake_entry_six_corridors,
          grunt_forest_large_clearings
Lair:3:   layout_hall_layers, minmay_shoals_entry_hut, serial_bayou_crossing,
          grunt_megastairs_5, infiniplex_staircase_pool_2
Lair:4:   layout_regular_city
Lair:5:   hangedman_lair_in_review, layout_long_grid, slime_entry_1,
          chequers_serial_rivers_small_a, dreamdust_wasp_nest,
          grunt_megastairs_4
Shoals:1: layout_shoals, nicolae_shoals_goliath_grotto
Shoals:2: layout_shoals, serial_shops, shop, st_cyclops
Shoals:3: layout_shoals, serial_shops, nicolae_shop_overgrown_old_shop
Shoals:4: shoals_end_hellmonk_storm_palace [storm_palace_center_circular,
          storm_palace_corner_narrow, storm_palace_corner_grid,
          storm_palace_corner_pillars, storm_palace_corner_narrow]
Snake:1:  layout_onion, serial_shops, shop, nicolae_snake_horde_hoard,
          grunt_megastairs_1
Snake:2:  layout_onion_interference, minmay_shop_grove
Snake:3:  layout_misc_corridors, minmay_shop_star, nicolae_triple_integral,
          uniq_vashnia
Snake:4:  snake_pit, layout_chambers, serial_bayou_shore_a, grunt_megastairs_2,
          serial_bayou_shore_b
Slime:1:  layout_caves, basic_altar
Slime:2:  layout_caves, nicolae_slime_crime_time
Slime:3:  layout_caves, uniq_dissolution
Slime:4:  layout_caves
Slime:5:  slime_pit_nicolae_jellycorners
Orc:1:    layout_caves, special_room [special_room_orc], uniq_urug,
          uniq_josephine, uniq_fannar
Orc:2:    st_orc_town, layout_diamond_mine
Elf:1:    nicolae_elf_arrival_fired_up, layout_rooms, serial_shops,
          bzr_entry_lakeside, hangedman_elf_disciples, uniq_azrael
Elf:2:    nicolae_elf_blades_crystal_corner, layout_geoelf_octagon
Elf:3:    minmay_elf_hall_curves, layout_rooms
Vaults:1: nicolae_vaults_more_shelving_2, nicolae_vaults_doubleplus_tesselated,
          nicolae_vaults_asterisk, v_alt_pattern_1,
          nicolae_vaults_double_plus_2, hangedman_vaults_maws,
          nicolae_vaults_tetromino_L_1, layout_vaults_quadrants
Vaults:2: mu_enter_wizlab_2, v_misc_26, v_alt_pattern_2,
          vaults_standard_mumra_enter_the_diamond, vaults_room_corners,
          minmay_crypt_entry_simple_corners,
          hangedman_vaults_stretched_pinwheel, v_misc_27,
          ontoclasm_vaults_ring_small, nicolae_vaults_mitosis,
          layout_vaults_chaotic_city, serial_shops, nicolae_diamond_shop
Vaults:3: nicolae_vaults_trapezoid_2, nicolae_vaults_two_Ls,
          vaults_room_hallway, nicolae_vaults_windows_and_doors_thing,
          v_misc_29, ontoclasm_vaults_gallery, nicolae_vaults_asterisk,
          nicolae_vaults_yaktaur_gun_rack, v_misc_22,
          hangedman_vaults_restitches, nicolae_vaults_network_barrier,
          nicolae_vaults_little_squares_6, nicolae_vaults_trapezoid_lopsided_2,
          layout_vaults_omnibox
Vaults:4: hangedman_vaults_variations, ontoclasm_vaults_twist,
          nicolae_vaults_border_crossing, nicolae_vaults_security_offices_1,
          hangedman_vaults_locks, grunt_vaults_trifunnel, hangedman_vaults_trim,
          vaults_mumra_hex, nicolae_vaults_little_squares_1,
          nicolae_vaults_little_squares_2, ontoclasm_vaults_gateway, v_misc_24,
          layout_vaults_ring, uniq_mara
Vaults:5
Depths:1: layout_honeycomb, hell_entry, grunt_absolute_annihilation, uniq_norris
Depths:2: minmay_spriggan_fort, layout_gridlike, enter_ziggurat_f, hell_entry,
          dk_noncrumbling_3, rand_demon_pan_entry_9, gammafunk_ghost_crypt,
          uniq_grunn

Skill      XL: |  1  2  3  4  5  6  7  8  9 10 11 12 13 14 15 16 17 18 19 20 21 22 |
---------------+-------------------------------------------------------------------+-----
Fighting       | 1 2 3 4 5 6 8 9 10 11 12 13 14 15 16 | 16.3
Dodging        | 2 3 4 5 6 7 8 9 10 11 12 13 14 15 16 | 16.4
Shapeshifting  | 4 5 7 8 11 12 13 15 16 17 18 19 20 21 22 23 | 23.0
Unarmed Combat | 4 5 6 7 8 10 11 12 13 14 15 16 17 18 19 | 19.7
Evocations     | 1 5 7 8 9 |  9.0
Throwing       | 4 6 8 10 11 | 11.5

Action                     |  1- 3 |  4- 6 |  7- 9 | 10-12 | 13-15 | 16-18 | 19-21 | 22-24 || total
---------------------------+-------+-------+-------+-------+-------+-------+-------+-------++-------
  Melee: Unarmed           |    44 |   110 |   303 |   778 |  1029 |  1069 |  1088 |   456 ||  4877
         Punch             |       |       |     4 |    25 |    82 |    87 |   122 |    65 ||   385
         Constrict         |       |       |       |    87 |       |       |       |       ||    87
         Bite              |       |       |       |       |       |     5 |       |       ||     5
         Tailslap          |       |       |       |       |       |     3 |       |       ||     3
   Fire: Arbalest          |       |       |       |       |     1 |       |       |       ||     1
  Throw: Dart              |     5 |       |       |       |     6 |    10 |       |       ||    21
         Stone             |       |     7 |       |       |       |       |       |       ||     7
         Javelin           |       |       |       |       |       |     6 |       |       ||     6
         Throwing net      |       |       |       |       |       |       |     2 |       ||     2
         Large rock        |       |       |       |       |       |       |     1 |       ||     1
 Invoke: Sacrifice Resista |       |       |     1 |       |       |       |       |       ||     1
         Sacrifice Words   |       |       |       |     1 |       |       |       |       ||     1
         Sacrifice Experie |       |       |       |     1 |       |       |       |       ||     1
         Apocalypse        |       |       |       |     1 |     6 |     3 |     7 |     2 ||    19
         Draw Out Power    |       |       |       |     1 |     1 |     4 |       |       ||     6
         Sacrifice Love    |       |       |       |     1 |       |       |       |       ||     1
         Power Leap        |       |       |       |       |     1 |     3 |     1 |       ||     5
  Evoke: Wand              |       |       |       |     1 |     3 |    22 |     2 |     2 ||    30
         Phial of floods   |       |       |       |       |     1 |     1 |     1 |       ||     3
         Condenser vane    |       |       |       |       |       |       |       |     1 ||     1
    Use: Potion            |     1 |       |     2 |     6 |     5 |    19 |     8 |       ||    41
         Scroll            |       |     4 |     7 |    13 |    10 |     2 |    10 |     4 ||    50
   Stab: Sleeping          |     1 |       |       |       |       |       |       |       ||     1
         Invisible         |       |       |       |     5 |     6 |     5 |     4 |     5 ||    25
         Paralysed         |       |       |       |     6 |    10 |     5 |     8 |     2 ||    31
         Distracted        |       |       |       |       |     4 |     6 |     7 |     2 ||    19
         Held in net/web   |       |       |       |       |       |       |     1 |       ||     1
 Armour: Animal skin       |    12 |       |       |       |       |       |       |       ||    12
         Skin              |     8 |     9 |       |    99 |   147 |   698 |   798 |    77 ||  1836
         Robe              |       |    39 |    84 |    92 |    80 |       |       |       ||   295
         Troll leather arm |       |       |       |       |   122 |       |       |    41 ||   163
  Dodge: Dodged            |    20 |    43 |   137 |   345 |   550 |   767 |   944 |   233 ||  3039
   Form: Flux              |       |       |     1 |       |       |       |       |       ||     1
         Anaconda          |       |       |       |     1 |       |       |       |       ||     1
         Blade             |       |       |       |     1 |       |       |       |       ||     1
         Statue            |       |       |       |       |     1 |     1 |       |     1 ||     3
         Dragon            |       |       |       |       |       |     1 |       |       ||     1
         Death             |       |       |       |       |       |       |       |     2 ||     2

Table legend: (Time is in decaauts)
 A = Elapsed time spent in this place.
 B = Non-inter-level travel time spent in this place.
 C = Inter-level travel time spent in this place.
 D = Time resting spent in this place.
 E = Time spent auto-exploring this place.
 F = Levels seen in this place.
 G = Mean time per level.
                   A        B        C        D        E       F      G
               +--------+--------+--------+--------+--------+-----+--------+
         Total |  52120 |  47216 |   4904 |   2080 |  30542 |  54 |  965.2 |
       Dungeon |  13382 |  11308 |   2074 |    209 |   8736 |  15 |  892.1 |
        Temple |     16 |      9 |      7 |      0 |      0 |   1 |   16.0 |
          Lair |   6106 |   5490 |    616 |    432 |   3959 |   5 | 1221.2 |
        Shoals |   3580 |   3361 |    219 |     12 |   2023 |   4 |  895.0 |
     Snake Pit |   5206 |   4880 |    326 |    167 |   3293 |   4 | 1301.5 |
    Slime Pits |   1261 |   1146 |    115 |    146 |    432 |   5 |  252.2 |
  Orcish Mines |   1915 |   1642 |    273 |     23 |   1247 |   2 |  957.5 |
   Elven Halls |   3681 |   3237 |    444 |    266 |   1554 |   3 | 1227.0 |
        Vaults |   9654 |   9016 |    638 |    372 |   6104 |   5 | 1930.8 |
        Depths |   3730 |   3542 |    188 |    154 |   2459 |   2 | 1865.0 |
         Abyss |   1402 |   1402 |      0 |    109 |     48 |   4 |  350.5 |
        Bazaar |     70 |     70 |      0 |      0 |      0 |   1 |   70.0 |
       Ossuary |    353 |    353 |      0 |      0 |      2 |   1 |  353.0 |
      Ice Cave |    912 |    912 |      0 |    141 |    329 |   1 |  912.0 |
        Wizlab |    847 |    847 |      0 |     46 |    354 |   1 |  847.0 |
               +--------+--------+--------+--------+--------+-----+--------+

Top non-repeatable levels by time:
Vaults:4: 2312 daAuts
Depths:2: 2089 daAuts
Vaults:2: 2044 daAuts
Vaults:5: 1995 daAuts
   Elf:3: 1808 daAuts
Vaults:1: 1735 daAuts
 Snake:4: 1649 daAuts
Depths:1: 1640 daAuts
Vaults:3: 1567 daAuts
 Snake:1: 1487 daAuts
  Lair:5: 1478 daAuts
  Lair:2: 1386 daAuts
Shoals:4: 1342 daAuts
   Orc:2: 1287 daAuts
    D:13: 1264 daAuts
